 Dungeon Crawl Stone Soup version 0.28-a0-1038-g9c4cb8273d (webtiles) character file.

Game seed: 10412296675521801794

12600 1994 the Covert (level 11, -2/81 HPs)
             Began as a Vampire Chaos Knight on Dec 8, 2021.
             Was a Plaything of Xom.
             Slain by a fire dragon (9 damage)
             ... on level 11 of the Dungeon.
             The game lasted 00:35:50 (8714 turns).

1994 the Covert (Vampire Chaos Knight)              Turns: 8714, Time: 00:35:50

Health: -2/81      AC: 10    Str:  7    XL:     11   Next: 64%
Magic:  20/20      EV: 14    Int: 17    God:    Xom [......]
Gold:   449        SH:  5    Dex: 16    Spells: 14/22 levels left

rFire   . . .      SeeInvis +   a - +1 short sword (chaos)
rCold   . . .      Faith    .   (no shield)
rNeg    . . .      Spirit   .   M - +0 troll leather armour
rPois   +          Reflect  +   (no helmet)
rElec   .          Harm     .   (no cloak)
rCorr   .          Rampage  .   A - +1 pair of gloves
Will    +....                   (no boots)
Stlth   +++++.....              n - amulet of reflection
HPRegen 1.23/turn               t - ring of poison resistance
MPRegen 0.17/turn               y - +4 ring of protection

@: marked, on berserk cooldown, healing quickly, slowed, invisible, unable to
read, very slow
A: alive, fangs 3, see invisible, vampiric 2, talons 1, mutation resistance 1,
weak 2, inability to read while threatened
a: Exsanguinate, Renounce Religion


You were on level 11 of the Dungeon.
You worshipped Xom.
You were a very special plaything of Xom.
You visited 1 branch of the dungeon, and saw 12 of its levels.
You also visited: Ossuary.

You collected 545 gold pieces.
You spent 96 gold pieces at shops.

Inventory:

Hand Weapons
 a - a +1 short sword of chaos (weapon)
 b - a +2 short sword of electrocution
 h - a +1 dagger of venom
 q - a +0 hunting sling
Missiles
 j - 3 throwing nets
 k - 133 stones
 p - 45 poisoned darts (quivered)
 E - 28 sling bullets
Armour
 A - a +1 pair of gloves (worn)
 F - +0 swamp dragon scales
 M - a +0 troll leather armour (worn)
 N - a +0 kite shield
Magical Staves
 o - a staff of air
 K - a staff of death
Jewellery
 n - an amulet of reflection (around neck)
 t - a ring of poison resistance (left hand)
 y - a +4 ring of protection (right hand)
 P - an amulet of magic regeneration
Wands
 s - a wand of flame (69)
 C - a wand of iceblast (10)
 H - a wand of acid (3)
 O - a wand of paralysis (12)
Scrolls
 c - a scroll of vulnerability {unknown}
 d - a scroll of blinking {unknown}
 e - 6 scrolls of enchant armour
 i - 2 scrolls of immolation
 l - 4 scrolls of teleportation
 m - a scroll of magic mapping
 x - a scroll of fog
 z - a scroll of holy word {unknown}
 D - a scroll of fear {unknown}
 I - a scroll of silence {unknown}
 J - a scroll of acquirement {unknown}
 L - 2 scrolls of enchant weapon
 Q - 4 scrolls of identify
 S - a scroll of amnesia {unknown}
Potions
 f - 5 potions of curing
 g - 3 potions of berserk rage
 r - 3 potions of haste
 u - 3 potions of lignification
 v - 4 potions of heal wounds
 w - 3 potions of mutation
 B - a potion of attraction
 R - a potion of brilliance
 U - a potion of ambrosia {unknown}
Miscellaneous
 T - a piece from Xom's chessboard (15/15)


   Skills:
 * Level 5.7 Fighting
 * Level 9.2 Short Blades
 - Level 0.7 Armour
 * Level 6.3 Dodging
 * Level 11.7 Stealth
 + Level 6.1 Spellcasting
 - Level 4.1 Conjurations
 - Level 1.0 Summonings
 - Level 2.0 Necromancy
 - Level 3.0 Transmutations
 - Level 5.0 Air Magic
 - Level 4.8 Earth Magic
 - Level 4.8 Poison Magic


You had 14 spell levels left.
You knew the following spells:

 Your Spells              Type           Power      Damage    Failure   Level
a - Mephitic Cloud        Conj/Pois/Air  21%        N/A       9%          3
b - Animate Skeleton      Necr           24%        N/A       9%          1
c - Apportation           Tloc           10%        N/A       19%         1
d - Passwall              Tmut/Erth      15%        N/A       5%          2
e - Summon Small Mammal   Summ           32%        N/A       12%         1

Your spell library contained the following spells:

 Spells                   Type           Power      Damage    Failure   Level
 Sandblast                Erth           42%        2d11      2%          1
 Shock                    Conj/Air       80%        1d8       2%          1
 Magic Dart               Conj           76%        1d6       3%          1
 Swiftness                Air            22%        N/A       7%          3
 Stone Arrow              Conj/Erth      40%        3d9       9%          3
 Call Imp                 Summ           8%         N/A       19%         2
 Airstrike                Air            11%        N/A       24%         4
 Hailstorm                Conj/Ice       12%        3d5       61%         4
 Ice Form                 Ice/Tmut       10%        N/A       69%         4
 Irradiate                Conj/Tmut      8%         3d16      75%         5
 Blade Hands              Tmut           7%         N/A       83%         5
 Simulacrum               Ice/Necr       4%         N/A       100%        6
 Dragon Form              Tmut           7%         N/A       100%        7


Dungeon Overview and Level Annotations

Branches:
Dungeon (12/15)            Temple (0/1) D:5            Lair (0/6) D:8
Ossuary (visited)
    Orc: D:9-12

Altars:
Gozag
Nemelex Xobeh
Uskayaw
Xom
Yredelemnul

Shops:
D:1 [   D:3 !   D:10 *


Innate Abilities, Weirdness & Mutations

Your natural rate of healing is accelerated.
You have razor-sharp teeth.
You have supernaturally acute eyesight. (SInv)
You are afflicted with vampirism and can become a bat while bloodless.
You have sharp toenails.
You are somewhat resistant to further mutation.
You are very weak. (Str -4)
You sometimes lose the ability to read scrolls when taking damage.


Message History

You claw the fire dragon.
The fire dragon is lightly wounded.
The fire dragon breathes flames at you. The blast of flame hits you!
You hit the fire dragon but do no damage.
The fire dragon is lightly wounded.
The fire dragon completely misses you. You block the fire dragon's attack.
The fire dragon tramples you!
* * * LOW HITPOINT WARNING * * *
You stumble backwards!
You hit the fire dragon but do no damage.
The fire dragon is lightly wounded.
A white ugly thing comes into view.
The fire dragon bites you but does no damage.
The fire dragon claws you but does no damage.
The fire dragon tramples you.
* * * LOW HITPOINT WARNING * * *
You stumble backwards!
The white ugly thing moves out of view.
Unknown command.
You hit the fire dragon. You freeze the fire dragon.
The fire dragon is lightly wounded.
The fire dragon bites you!
* * * LOW HITPOINT WARNING * * *
The fire dragon closely misses you. The fire dragon tramples you.
* * * LOW HITPOINT WARNING * * *
You stumble backwards!
Found a scroll of identify.
You hit the fire dragon.
You claw the fire dragon, but do no damage.
The fire dragon is lightly wounded.
The fire dragon bites you!
* * * LOW HITPOINT WARNING * * *
The fire dragon barely misses you.
The fire dragon tramples you but does no damage.
Unknown command.
Okay, then.
You cannot read scrolls in your current state!
You fade into invisibility!
The fire dragon bites you!
You die...
Xom is highly amused!

.#
#...#
#.#
.#
#...#
#.#
.#
#...#
#u#
.#
#...#
#.#
.#
#.#
.#
#>#
.#
#.#
.#
#D#
..
#@#
...
#.#
#.#
#.#
#.#
#.#
#.#
#?#


g You could see a fire dragon and a white ugly thing.

Vanquished Creatures
  Gastronok (D:9)
  Harold (D:8)
  A manticore (D:11)
  A moth of wrath (D:11)
  Maggie (D:7)
  4 trolls
  Sigmund (D:7)
  A wraith (D:10)
  8 yaks
  2 steam dragons
  Grum (D:10)
  An acid dragon (D:9)
  2 water moccasins
  2 orc warriors (D:9)
  A black bear (D:5)
  An ice beast (D:8)
  3 sky beasts
  2 ogres
  6 wolves
  4 centaurs
  A phantom (D:7)
  A kobold brigand (D:9)
  5 bullfrogs
  2 gnoll sergeants
  4 scorpions
  A wyvern skeleton (D:7)
  3 water moccasin zombies (Ossuary)
  A water moccasin skeleton (D:4)
  2 killer bees (D:5)
  A wight (D:10)
  5 howler monkeys
  A bullfrog zombie (D:6)
  6 centaur zombies
  4 hounds
  2 human zombies
  A jelly (D:6)
  3 orc priests
  6 orc wizards
  Natasha (twice) (D:4)
  An iguana (D:5)
  A killer bee zombie (D:6)
  A hound skeleton (D:4)
  6 mummies
  2 howler monkey zombies
  11 gnolls
  6 adders
  A white imp (D:6)
  3 ufetubi
  2 adder zombies (Ossuary)
  5 worms
  35 orcs
  7 ball pythons
  10 endoplasms
  6 giant cockroaches
  8 goblins
  15 hobgoblins
  3 quokkas
  5 bats
  3 frilled lizards
  2 gnoll zombies (Ossuary)
  8 hobgoblin zombies (Ossuary)
  A jackal zombie (D:7)
  13 kobolds
  8 kobold zombies (Ossuary)
  5 orc zombies (Ossuary)
  5 rats
268 creatures vanquished.

Vanquished Creatures (collateral kills)
  Joseph (D:9)
  A steam dragon (D:8)
  A centaur (D:7)
  A wolf (D:8)
  2 electric eels (D:8)
  2 centaur zombies
  2 hounds (D:8)
  A jelly (D:8)
  An orc priest (D:7)
  2 orcs (D:7)
14 creatures vanquished.

Vanquished Creatures (others)
  2 yaks (D:10)
  A kobold brigand (D:10)
  Natasha (D:4)
4 creatures vanquished.

Grand Total: 286 creatures vanquished

Notes
Turn   | Place    | Note
-------+----------+-------------------------------------------
     0 | D:1      | 1994 the Vampire Chaos Knight began the quest for the Orb.
     0 | D:1      | Reached XP level 1. HP: 17/17 MP: 1/1
   122 | D:1      | Reached skill level 1 in Stealth
   217 | D:1      | Found Moga Koc's Armour Emporium.
   224 | D:1      | Reached XP level 2. HP: 23/23 MP: 2/2
   282 | D:1      | Reached skill level 2 in Stealth
   611 | D:1      | Found a faded altar of an unknown god.
   758 | D:2      | Gained mutation: You are afflicted with vampirism and can
                  | become a bat while bloodless. [Vampire growth]
   758 | D:2      | Reached XP level 3. HP: 28/28 MP: 3/3
   862 | D:2      | Found a shimmering altar of Xom.
  1056 | D:2      | XOM: silly message
  1213 | D:2      | Reached skill level 3 in Stealth
  1322 | D:3      | XOM: god gift: scroll labelled WOFYNTE KYAPS {god gift}
  1434 | D:3      | Reached XP level 4. HP: 33/35 MP: 4/4
  1437 | D:3      | XOM: cleaving
  1529 | D:3      | Found Inlyatwe's Distillery.
  1533 | D:3      | Bought a potion of lignification for 36 gold pieces
  1533 | D:3      | Bought a potion of heal wounds for 60 gold pieces
  1945 | D:3      | XOM: summons 3 hostile shadow creatures
  1948 | D:3      | XOM: polymorph kobold -> adder
  1972 | D:3      | XOM: give mutations
  1972 | D:3      | Gained mutation: You are somewhat resistant to further
                  | mutation. [Xom's mischief]
  1972 | D:3      | Gained mutation: You have sharp toenails. [Xom's mischief]
  1972 | D:3      | Gained mutation: You are weak. (Str -2) [Xom's mischief]
  1987 | D:3      | Reached skill level 4 in Stealth
  2106 | D:4      | Learned a level 3 spell: Mephitic Cloud
  2137 | D:4      | XOM: noise
  2138 | D:4      | XOM: enchant monster (good)
  2142 | D:4      | Reached XP level 5. HP: 39/41 MP: 5/5
  2247 | D:4      | XOM: summons 1 hostile shadow creature
  2429 | D:4      | XOM: god gift: wand of iceblast (5)
  2431 | D:4      | XOM: confuse monster(s)
  2439 | D:4      | Reached skill level 1 in Spellcasting
  2439 | D:4      | Reached skill level 1 in Poison Magic
  2448 | D:4      | Reached skill level 1 in Air Magic
  2448 | D:4      | Reached XP level 6. HP: 41/47 MP: 7/7
  2514 | D:4      | Noticed Natasha
  2515 | D:4      | Killed Natasha
  2515 | D:4      | XOM: divine lightning
  2623 | D:4      | XOM: noise
  2727 | D:4      | XOM: 2-stop teleportation journey
  2812 | D:4      | Noticed a steam dragon
  2872 | D:4      | XOM: smoke on damage
  2876 | D:4      | Killed a steam dragon
  2877 | D:4      | Reached skill level 5 in Stealth
  2877 | D:4      | Reached skill level 1 in Conjurations
  2946 | D:4      | Found a shimmering altar of Xom.
  2997 | D:4      | Noticed Natasha
  3009 | D:4      | Killed Natasha
  3010 | D:4      | Reached skill level 5 in Short Blades
  3030 | D:4      | Noticed Natasha
  3044 | D:4      | Killed Natasha
  3243 | D:5      | Entered Level 5 of the Dungeon
  3281 | D:5      | Reached XP level 7. HP: 51/52 MP: 9/9
  3283 | D:5      | XOM: give mutations
  3283 | D:5      | Gained mutation: You are very weak. (Str -4) [Xom's
                  | mischief]
  3283 | D:5      | Gained mutation: You sometimes lose the ability to read
                  | scrolls when taking damage. [Xom's mischief]
  3315 | D:5      | Found a staircase to the Ecumenical Temple.
  3413 | D:5      | XOM: polymorph killer bee -> hound
  3468 | D:5      | XOM: swap monsters
  3469 | D:5      | XOM: noise
  3471 | D:5      | XOM: confusion (+ monsters)
  3651 | D:5      | Learned a level 1 spell: Animate Skeleton
  3983 | D:6      | XOM: cast spell 'Olgreb's Toxic Radiance'
  3994 | D:6      | Reached skill level 6 in Stealth
  4077 | D:6      | Found a sparkling altar of Nemelex Xobeh.
  4110 | D:6      | Reached skill level 1 in Necromancy
  4110 | D:6      | Reached XP level 8. HP: 57/60 MP: 11/11
  4308 | D:6      | XOM: god gift: 11 sling bullets
  4608 | D:7      | XOM: enchant monster (good)
  4613 | D:7      | XOM: 1-stop teleportation journey
  4625 | D:7      | XOM: divination: detect items
  4694 | D:7      | Reached skill level 7 in Stealth
  4776 | D:7      | Noticed Maggie
  4785 | D:7      | XOM: cast spell 'Summon Mana Viper'
  4790 | D:7      | XOM: confuse monster(s)
  4796 | D:7      | Reached XP level 9. HP: 22/65 MP: 14/14
  4814 | D:7      | Killed Maggie
  4966 | D:7      | Identified the +8 longbow of Buibb {flame, rCorr}
  4991 | D:7      | Noticed Sigmund
  4993 | D:7      | Found a sand-covered staircase.
  5007 | D:7      | XOM: enchant monster (good)
  5038 | D:7      | Killed Sigmund
  5039 | D:7      | Reached skill level 8 in Stealth
  5068 | D:7      | XOM: god gift: wand of acid (4)
  5080 | Ossuary  | Entered an ossuary
  5435 | D:7      | Learned a level 1 spell: Apportation
  5438 | D:7      | Learned a level 2 spell: Passwall
  5440 | D:7      | Learned a level 1 spell: Summon Small Mammal
  5693 | D:8      | Noticed a troll
  5697 | D:8      | XOM: summons friendly soul eater
  5705 | D:8      | Killed a troll
  5711 | D:8      | Reached skill level 1 in Transmutations
  5715 | D:8      | Reached skill level 1 in Earth Magic
  5906 | D:8      | Found a staircase to the Lair.
  5910 | D:8      | Reached XP level 10. HP: 73/73 MP: 16/16
  5923 | D:8      | Noticed Harold
  5951 | D:8      | XOM: enchant monster (good)
  5959 | D:8      | Killed Harold
  5960 | D:8      | Reached skill level 1 in Summonings
  6007 | D:8      | XOM: divination: detect items
  6404 | D:9      | XOM: potion effect (might)
  6410 | D:9      | Reached skill level 9 in Stealth
  6411 | D:9      | XOM: enchant monster (bad)
  6422 | D:9      | XOM: noise
  6424 | D:9      | XOM: potion effect (invisibility)
  6449 | D:9      | Reached skill level 5 in Air Magic
  6677 | D:9      | XOM: chaos upgrade
  6706 | D:9      | XOM: silly message
  6828 | D:9      | XOM: potion effect (invisibility)
  6919 | D:9      | Reached skill level 5 in Dodging
  7199 | D:9      | Noticed Gastronok
  7207 | D:9      | XOM: potion effect (berserk rage)
  7213 | D:9      | Killed Gastronok
  7214 | D:9      | Reached skill level 10 in Stealth
  7214 | D:9      | Reached skill level 5 in Spellcasting
  7267 | D:9      | XOM: cast spell 'Leda's Liquefaction'
  7315 | D:9      | XOM: god gift: scimitar {god gift}
  7349 | D:9      | Reached skill level 5 in Fighting
  7423 | D:9      | Noticed Joseph
  7431 | D:9      | XOM: potion effect (brilliance)
  7432 | D:9      | XOM: potion effect (curing)
  7433 | D:9      | XOM: summons friendly shadow imp
  7437 | D:9      | Killed Joseph
  7438 | D:9      | Reached XP level 11. HP: 76/79 MP: 15/18
  7570 | D:9      | XOM: divination: magic mapping
  7737 | D:10     | Entered Level 10 of the Dungeon
  7772 | D:10     | XOM: potion effect (brilliance)
  7789 | D:10     | XOM: enchant monster (good)
  7866 | D:10     | Found a basalt altar of Yredelemnul.
  7925 | D:10     | XOM: divination: detect items
  7969 | D:10     | Found Hoehow's General Store.
  7971 | D:10     | Noticed Grum
  8021 | D:10     | Found a hide-covered altar of Uskayaw.
  8097 | D:10     | XOM: divine lightning
  8101 | D:10     | XOM: summons friendly iron imp
  8115 | D:10     | Reached skill level 11 in Stealth
  8127 | D:10     | Killed Grum
  8143 | D:10     | XOM: summons friendly iron imp
  8191 | D:10     | XOM: stat loss: -1 Str (6/7)
  8367 | D:10     | Found an opulent altar of Gozag.
  8374 | D:10     | Identified the +3 leather armour "Etrucwuel" {Str+3 Int+4}
  8448 | D:11     | XOM: divination: detect items
  8471 | D:11     | Noticed a two-headed ogre
  8472 | D:11     | a two-headed ogre changed into a moth of wrath
  8472 | D:11     | XOM: polymorph two-headed ogre -> moth of wrath
  8504 | D:11     | XOM: divination: detect creatures
  8657 | D:11     | You fall into a shaft and drop 1 floor!
  8701 | D:12     | Noticed a fire dragon
  8711 | D:11     | Noticed a white ugly thing
  8714 | D:11     | Slain by a fire dragon

Illustrated notes

Levels and vault maps discovered:
D:1:      dpeg_arrival_tiny_a, layout_basic, serial_shops, shop_statue,
          nicolae_ecumenical_lake_church
D:2:      layout_loops_ring, basic_altar
D:3:      layout_basic, serial_shops, shop_statue,
          chequers_serial_rivers_micro_d, minmay_misc_feat_room
D:4:      layout_basic, mainiacjoe_overflow_alcove_1, minmay_hedge_maze,
          uniq_natasha
D:5:      layout_cave_pools, minmay_temple_entry_nine_rooms,
          hangedman_abyss_or_decor_passed, serial_bayou_ford_a
D:6:      layout_loops_ring, nemelex_spade_bored_becter, minmay_misc_feat_square
D:7:      layout_rooms, enter_ossuary_3, sigmund_army, uniq_maggie
D:8:      layout_rooms, erik_lair_island, nrook_loot_triangle,
          small_statue_intersection, minmay_misc_feat_secret_circle, uniq_harold
D:9:      layout_layer_cave, special_room [special_room_orc], uniq_gastronok,
          uniq_joseph
D:10:     layout_rooms, lemuel_mausoleum_altar_yredelemnul, minitemple,
          serial_shops, shop, uniq_grum
D:11:     layout_long_grid, serial_shops, shop, lightli_bailey_entry_fortress,
          minivault_13
D:12:     layout_long_grid, david_orc_5

Skill      XL: |  1  2  3  4  5  6  7  8  9 10 11 |
---------------+----------------------------------+-----
Stealth        | 1 2 3 4 5 6 7 8 10 11 | 11.7
Fighting       | 3 4 5 |  5.7
Short Blades   | 4 5 6 7 8 9 |  9.2
Dodging        | 3 4 5 6 |  6.3
Spellcasting   | 1 2 3 4 5 6 |  6.1
Poison Magic   | 1 2 3 4 |  4.8
Air Magic      | 1 2 3 4 5 |  5.0
Conjurations   | 1 2 3 4 |  4.1
Necromancy     | 1 2 |  2.0
Transmutations | 1 3 |  3.0
Earth Magic    | 1 3 4 |  4.8
Summonings     | 1 |  1.0
Armour         | |  0.7

Action                   |  1- 3 |  4- 6 |  7- 9 | 10-12 || total
-------------------------+-------+-------+-------+-------++-------
Melee: Short sword       |   120 |   190 |   352 |   594 ||  1256
       Bite              |     8 |    14 |    27 |    79 ||   128
       Kick              |       |    35 |    82 |   173 ||   290
Throw: Dart              |       |     1 |    17 |       ||    18
 Cast: Mephitic Cloud    |       |     1 |     3 |     9 ||    13
Evoke: Wand              |       |     2 |       |     1 ||     3
  Use: Scroll            |     4 |     3 |     5 |     3 ||    15
       Potion            |       |       |       |     3 ||     3
 Stab: Sleeping          |     9 |     7 |    19 |    14 ||    49
       Paralysed         |       |     1 |     3 |     1 ||     5
       Confused          |       |       |     7 |    19 ||    26
       Distracted        |       |       |     2 |     1 ||     3
       Petrifying        |       |       |     1 |     3 ||     4
       Petrified         |       |       |     1 |     1 ||     2
       Invisible         |       |       |       |     7 ||     7
Armor: Leather armour    |    17 |    49 |       |       ||    66
       Steam dragon scal |       |     3 |    69 |       ||    72
       Troll leather arm |       |       |       |   132 ||   132
Dodge: Dodged            |    52 |    75 |   202 |   263 ||   592
Block: Other             |     3 |    27 |    64 |    95 ||   189
       Reflection        |       |     1 |     1 |     1 ||     3

Table legend: (Time is in decaauts)
 A = Elapsed time spent in this place.
 B = Non-inter-level travel time spent in this place.
 C = Inter-level travel time spent in this place.
 D = Time resting spent in this place.
 E = Time spent auto-exploring this place.
 F = Levels seen in this place.
 G = Mean time per level.
                   A        B        C        D        E       F      G
               +--------+--------+--------+--------+--------+-----+--------+
         Total |   8440 |   8133 |    307 |    519 |   4516 |  13 |  649.2 |
       Dungeon |   8265 |   7958 |    307 |    519 |   4495 |  12 |  688.8 |
       Ossuary |    174 |    174 |      0 |      0 |     21 |   1 |  174.0 |
               +--------+--------+--------+--------+--------+-----+--------+

Top non-repeatable levels by time:
     D:9: 1263 daAuts
     D:4: 1184 daAuts
     D:7: 846 daAuts
     D:3: 783 daAuts
     D:8: 763 daAuts
     D:5: 668 daAuts
     D:1: 652 daAuts
     D:2: 636 daAuts
    D:10: 635 daAuts
     D:6: 575 daAuts
    D:11: 206 daAuts
 Ossuary: 174 daAuts
    D:12: 48 daAuts
